 Dungeon Crawl Stone Soup version 0.27-a0-249-g74f53ef629 (webtiles) character file.

Game seed: 2972232490595258296

27542 Mesmaeker13 the Arsonist (level 13, -3/63 HPs)
             Began as a Deep Elf Fire Elementalist on Feb 3, 2021.
             Was a High Priest of Vehumet.
             Killed from afar by a steam dragon (8 damage)
             ... with a ball of steam
             ... on level 4 of the Lair of Beasts.
             The game lasted 00:41:10 (21858 turns).

Mesmaeker13 the Arsonist (DEFE)                    Turns: 21858, Time: 00:41:11

Health: -3/63      AC: 10    Str:  6    XL:     13   Next: 4%
Magic:  5/29       EV: 17    Int: 41    God:    Vehumet [*****.]
Gold:   921        SH:  0    Dex: 21    Spells: 10/33 levels left

rFire    . . .     SeeInvis .   l - +5 great mace of Debt {venom, *Corrode +Fly Int+9}
rCold    . . .     Faith    +   (shield currently unavailable)
rNeg     . . .     Spirit   .   y - +0 acid dragon scales
rPois    +         Reflect  .   o - +0 helmet
rElec    .         Harm     .   I - +0 cloak
rCorr    +         Rampage  .   g - +0 pair of gloves of Servitude {*Drain +Blink Dex+6}
Will     +....                  q - +0 pair of boots
Stlth    ++........             p - amulet of faith
HPRegen  0.20/turn              (no ring)
MPRegen  0.21/turn              j - ring "Bubbioz" {rPois Int+7}

@: frozen, studying Armour, very slow
A: no striking features
a: Renounce Religion, Evoke Blink, Evoke Flight


You were on level 4 of the Lair of Beasts.
You worshipped Vehumet.
Vehumet was extremely pleased with you.
You visited 3 branches of the dungeon, and saw 15 of its levels.
You also visited: Ice Cave.

You collected 921 gold pieces.

Inventory:

Hand Weapons
 l - the +5 great mace of Debt (weapon) {venom, *Corrode +Fly Int+9}
   (You found it on level 8 of the Dungeon)

   It poisons the flesh of those it strikes.
   It affects your intelligence (+9).
   It lets you fly.
   It may corrode you when you take damage.
 x - a +1 dagger of protection
 K - the cursed +0 spear "Titreegh" {drain, rF+, unknown}
   (You found it in an ice cave)

   A truly terrible weapon, it drains the life of those it strikes.
   It protects you from fire.
   It has a curse placed upon it.
 M - a +6 demon whip of pain
Missiles
 C - 5 throwing nets
Armour
 g - the +0 pair of gloves of Servitude (worn) {*Drain +Blink Dex+6}
   (You found it on level 6 of the Dungeon)

   It affects your dexterity (+6).
   It lets you blink.
   It causes draining when unequipped.
 o - a +0 helmet (worn)
 q - a +0 pair of boots (worn)
 y - +0 acid dragon scales (worn)
 D - a +0 kite shield
 I - a +0 cloak (worn)
Jewellery
 j - the ring "Bubbioz" (right hand) {rPois Int+7}
   (You found it on level 8 of the Dungeon)

   [ring of poison resistance]

   It affects your intelligence (+7).
   It protects you from poison.
 p - an amulet of faith (around neck)
 s - a +6 ring of strength
 t - an uncursed ring of ice
 B - an uncursed ring of poison resistance {unknown}
Wands
 v - a wand of charming (6)
Scrolls
 b - 4 scrolls of magic mapping
 d - 5 scrolls of remove curse
 e - 4 scrolls of teleportation
 h - 2 scrolls of enchant weapon
 m - 4 scrolls of blinking
 E - 3 scrolls of enchant armour
 F - a scroll of brand weapon {unknown}
 G - 2 scrolls of immolation {unknown}
 H - a scroll of torment {unknown}
 Q - a scroll of noise
Potions
 a - a potion of experience {unknown}
 c - 3 potions of brilliance
 f - a potion of cancellation {unknown}
 i - 3 potions of mutation
 k - a potion of heal wounds
 n - a potion of ambrosia
 r - a potion of magic {unknown}
 u - 4 potions of haste
 w - a potion of berserk rage
 z - a potion of flight {unknown}
 A - a potion of might {unknown}
 J - a potion of attraction {unknown}
 L - a potion of curing
 P - a potion of lignification {unknown}
Miscellaneous
 O - a box of beasts (inert)


   Skills:
 - Level 2.1 Armour
 - Level 8.4 Dodging
 - Level 2.4 Stealth
 + Level 7.1 Shields
 - Level 10.9 Spellcasting
 + Level 12.0 Conjurations
 + Level 8.4 Summonings
 + Level 12.4 Fire Magic


You had 10 spell levels left.
You knew the following spells:

 Your Spells              Type           Power        Failure   Level
a - Foxfire               Conj/Fire      100%         0%          1
b - Conjure Flame         Conj/Fire      89%          1%          3
c - Sticky Flame          Conj/Fire      89%          1%          4
d - Fireball              Conj/Fire      44%          1%          5
e - Stone Arrow           Conj/Erth      100%         1%          3
f - Spellforged Servitor  Conj/Summ      41%          10%         7

Your spell library contained the following spells:

 Spells                   Type           Power        Failure   Level
 Lightning Bolt           Conj/Air       32%          1%          5
 Magic Dart               Conj           100%         0%          1
 Freeze                   Ice            88%          1%          1
 Dazzling Flash           Conj/Hex       100%         1%          3
 Inner Flame              Hex/Fire       65%          1%          3
 Static Discharge         Conj/Air       64%          1%          3
 Hailstorm                Conj/Ice       64%          1%          4
 Bolt of Magma            Conj/Fire/Erth 37%          1%          5
 Iskenderun's Battlesphe  Conj           88%          1%          5
 Frozen Ramparts          Ice            44%          2%          3
 Pain                     Necr           88%          3%          1
 Summon Ice Beast         Ice/Summ       55%          4%          4
 Orb of Destruction       Conj           44%          4%          7
 Confusing Touch          Hex            22%          9%          3
 Gell's Gravitas          Tloc           11%          9%          3
 Ozocubu's Armour         Ice            22%          9%          3
 Iron Shot                Conj/Erth      32%          11%         6
 Yara's Violent Unravell  Hex/Tmut       11%          21%         5
 Freezing Cloud           Conj/Ice/Air   26%          21%         6
 Ice Form                 Ice/Tmut       22%          28%         4
 Petrify                  Tmut/Erth      22%          28%         4
 Metabolic Englaciation   Hex/Ice        11%          63%         5
 Simulacrum               Ice/Necr       11%          99%         6
 Ozocubu's Refrigeration  Ice            11%          99%         7


Dungeon Overview and Level Annotations

Branches:
Dungeon (10/15)            Temple (1/1) D:6            Lair (4/6) D:10
  Swamp (0/4) Lair:2       Spider (0/4) Lair:2        IceCv (visited)
    Orc: D:9-12

Altars:
Ashenzari
Cheibriados
Dithmenos
Elyvilon
Fedhas
Gozag
Hepliaklqana
Kikubaaqudgha
Makhleb
Nemelex Xobeh
Okawaru
Qazlal
Ru
Sif Muna
Trog
Uskayaw
Vehumet
Wu Jian
Xom
Yredelemnul
Zin
The Shining One

Shops:
D:5 [   D:10 *


Message History

A soldier ant comes into view.
Casting: Fireball (safe; 1% risk of failure)
Confirm with . or Enter, or press ? or * to list all spells.
Aiming: Sticky Flame (safe; 1% risk of failure)
Press: ? - help, Shift-Dir - straight line, f - soldier ant
Aim: a soldier ant (almost dead, 0% to evade)
The sticky flame hits the soldier ant!
You kill the soldier ant!
Vehumet accepts your kill.
A rime drake comes into view.
The steam dragon closely misses your spellforged servitor.
The steam dragon barely misses your spellforged servitor.
The rime drake breathes ice at you. The flash freeze hits you!
* * * LOW HITPOINT WARNING * * *
You are encased in ice.
The steam dragon breathes steam at you.
The ball of steam hits your spellforged servitor but does no damage.
The ball of steam hits you!
You die...

. #...# ..# .. ##...# ...
...####....# #..#
........§.# #...#
.........D# .#.# ##### #.
......?B†8###k.###...###.
....####†§.....##.....##.
. ##§......##.....##.
#.@.##...##.....##.
#...####.###...###. #...#
#..####...##. #...#
##..##.÷####. #...#
#...###.# ##. #..........
#....###..# #.###..
##.........# ##..##....#
##.##.. ...†......P
...###..####÷###..
##..........
##.###.####..


You could see a rime drake (catching breath), a soldier ant, a steam dragon
(catching breath) and a friendly spellforged servitor (summoned).

Vanquished Creatures
  A reaper (IceCv)
  A boulder beetle (Lair:2)
  Harold (D:8)
  A hydra (Lair:1)
  A catoblepas (Lair:2)
  A two-headed ogre (D:8)
  Pikel (D:6)
  2 elephants
  Joseph (D:7)
  2 black mambas
  2 ice statues (IceCv)
  4 cane toads
  Maggie (D:6)
  6 komodo dragons
  7 ice devils (IceCv)
  3 trolls
  2 polar bears
  Prince Ribbit (D:8)
  13 blink frogs
  A wraith (D:8)
  5 wyverns
  12 yaks
  2 basilisks
  Menkaure (D:5)
  7 soldier ants
  14 water moccasins
  3 orc warriors
  3 sky beasts
  A hornet zombie (D:10)
  4 black bears
  3 ice beasts
  4 ogres
  7 wolves
  6 centaurs
  2 lemures
  A phantom (D:9)
  14 bullfrogs
  4 scorpions
  3 killer bees (D:7)
  An electric eel (Lair:2)
  6 wights
  A centaur zombie (D:9)
  5 orc priests
  3 jellies
  4 hounds
  Jessica (D:2)
  3 iguanas
  2 orc wizards
  6 worker ants
  A killer bee zombie (D:7)
  A hound skeleton (D:8)
  A worker ant zombie (D:3)
  11 gnolls
  A howler monkey skeleton (D:4)
  9 adders
  A shadow imp (D:6)
  11 white imps
  12 ufetubi
  7 worms
  A dart slug (D:1)
  6 leopard geckos
  39 orcs
  2 ball pythons
  11 giant cockroaches
  4 goblins
  7 hobgoblins
  20 jackals
  A quokka (D:8)
  6 bats
  9 frilled lizards
  8 kobolds
  A leopard gecko skeleton (D:4)
  A quokka zombie (D:5)
  9 rats
360 creatures vanquished.

Vanquished Creatures (collateral kills)
  An entropy weaver (Lair:4)
  An ice dragon (Lair:4)
  2 polar bears (Lair:4)
  6 yaks
  A bullfrog zombie (D:8)
  A worker ant (D:8)
  A bush (Lair:3)
  3 foxfires (D:9)
16 creatures vanquished.

Vanquished Creatures (others)
  A yak (Lair:4)
  5 white imps (IceCv)
  3 ufetubi (IceCv)
  An orc (D:6)
  A bush (D:9)
  751 foxfires
  35 fungi
  54 plants
851 creatures vanquished.

Grand Total: 1227 creatures vanquished

Notes
Turn   | Place    | Note
-------+----------+-------------------------------------------
     0 | D:1      | Mesmaeker13 the Deep Elf Fire Elementalist began the quest
                  | for the Orb.
     0 | D:1      | Reached XP level 1. HP: 10/10 MP: 6/6
   367 | D:1      | Reached XP level 2. HP: 15/15 MP: 6/8
   888 | D:1      | Reached XP level 3. HP: 17/19 MP: 2/10
  1639 | D:2      | You fall into a shaft and drop 1 floor!
  1648 | D:3      | Learned a level 3 spell: Conjure Flame
  1949 | D:3      | Reached XP level 4. HP: 24/24 MP: 7/11
  2301 | D:2      | Noticed Jessica
  2316 | D:2      | Killed Jessica
  2852 | D:3      | Reached XP level 5. HP: 27/28 MP: 8/13
  3748 | D:4      | Learned a level 4 spell: Sticky Flame
  3787 | D:4      | Noticed a sky beast
  3802 | D:4      | Killed a sky beast
  3803 | D:4      | Reached skill level 5 in Spellcasting
  3803 | D:4      | Reached XP level 6. HP: 23/32 MP: 7/15
  3996 | D:4      | Reached skill level 5 in Fire Magic
  4520 | D:5      | Entered Level 5 of the Dungeon
  4555 | D:4      | Reached skill level 5 in Dodging
  4814 | D:5      | Reached XP level 7. HP: 33/36 MP: 14/17
  4932 | D:5      | Noticed Menkaure
  4942 | D:5      | Killed Menkaure
  5984 | D:5      | Found Leaghiec's Antique Armour Boutique.
  6062 | D:5      | Reached skill level 5 in Conjurations
  6231 | D:6      | Found a stormy altar of Qazlal.
  6239 | D:6      | Got a pair of glimmering gloves
  6245 | D:6      | Identified the cursed +0 pair of gloves of Servitude
                  | {*Drain +Blink Dex+6} (You found it on level 6 of the
                  | Dungeon)
  6292 | D:6      | Reached XP level 8. HP: 41/41 MP: 17/20
  6503 | D:6      | Noticed Pikel
  6514 | D:6      | Killed Pikel
  6518 | D:6      | Noticed Maggie
  6540 | D:6      | Killed Maggie
  6667 | D:6      | Learned a level 5 spell: Fireball
  6713 | D:6      | Found a staircase to the Ecumenical Temple.
  6724 | Temple   | Entered the Ecumenical Temple
  6846 | Temple   | Became a worshipper of Vehumet
  7032 | D:6      | Reached XP level 9. HP: 45/45 MP: 20/23
  7056 | D:6      | Found a hazy altar of Hepliaklqana.
  8840 | D:7      | Noticed Joseph
  8849 | D:7      | HP: 1/45 [Joseph/+0 quarterstaff (9)]
  8851 | D:7      | Killed Joseph
  9127 | D:8      | Noticed Harold
  9171 | D:8      | HP: 2/45 [Harold/harpoon shot (9)]
  9172 | D:8      | Killed Harold
  9173 | D:8      | Reached skill level 1 in Armour
  9176 | D:8      | HP: 2/45 [orc/+2 dagger of draining (1)]
  9669 | D:8      | Reached XP level 10. HP: 49/50 MP: 23/25
  9692 | D:8      | Reached * piety under Vehumet
  9692 | D:8      | Offered knowledge of Shock by Vehumet.
  9854 | D:8      | You fall into a shaft and drop 2 floors!
  9854 | D:10     | Entered Level 10 of the Dungeon
  9854 | D:10     | Found Tonu's General Store.
  9887 | D:9      | Reached skill level 10 in Spellcasting
 10315 | D:8      | Found an ancient bone altar of Kikubaaqudgha.
 10328 | D:8      | Reached skill level 1 in Shields
 10511 | D:8      | Reached ** piety under Vehumet
 10631 | D:8      | Offered knowledge of Magic Dart by Vehumet.
 10808 | D:8      | Noticed Prince Ribbit
 10817 | D:8      | Killed Prince Ribbit
 11021 | D:8      | Noticed a two-headed ogre
 11032 | D:8      | Killed a two-headed ogre
 11186 | D:8      | Found the +3 robe of Folly {Archmagi, Will-- Int+5}
 11187 | D:8      | Got a scorched tin ring
 11189 | D:8      | Got a slimy great mace
 11195 | D:8      | Identified the Tome of Harmful Evil
 11580 | D:7      | Identified the ring "Bubbioz" {rPois Int+7} (You found it
                  | on level 8 of the Dungeon)
 11633 | D:9      | Learned a level 1 spell: Magic Dart
 11755 | D:9      | Learned a level 7 spell: Spellforged Servitor
 12111 | D:9      | Reached skill level 1 in Summonings
 12649 | D:9      | Identified the +5 great mace of Debt {venom, *Corrode +Fly
                  | Int+9} (You found it on level 8 of the Dungeon)
 13156 | D:10     | Found a staircase to the Lair.
 13185 | D:10     | Offered knowledge of Stone Arrow by Vehumet.
 13190 | D:10     | Noticed an elephant
 13210 | D:10     | Reached XP level 11. HP: 54/54 MP: 11/27
 13649 | D:10     | Reached skill level 10 in Fire Magic
 14628 | Lair:1   | Entered Level 1 of the Lair of Beasts
 14805 | Lair:1   | Reached *** piety under Vehumet
 14924 | Lair:1   | Noticed a four-headed hydra
 14970 | Lair:1   | Killed a four-headed hydra
 14971 | Lair:1   | Reached skill level 10 in Conjurations
 16040 | Lair:1   | Learned a level 3 spell: Stone Arrow
 16063 | Lair:2   | Offered knowledge of Mephitic Cloud by Vehumet.
 16189 | Lair:2   | Noticed a boulder beetle
 16398 | Lair:2   | Reached skill level 5 in Summonings
 16507 | Lair:2   | Reached skill level 5 in Shields
 16516 | Lair:2   | Reached **** piety under Vehumet
 16892 | Lair:2   | Noticed a catoblepas
 16897 | Lair:2   | Killed a catoblepas
 17082 | Lair:2   | Offered knowledge of Iskenderun's Mystic Blast by Vehumet.
 17083 | Lair:2   | Reached XP level 12. HP: 59/59 MP: 23/28
 17142 | Lair:2   | Killed a boulder beetle
 17258 | Lair:2   | Found a staircase to the Swamp.
 17351 | Lair:2   | You fall into a shaft and drop 1 floor!
 17520 | Lair:2   | Found a hole to the Spider Nest.
 19258 | Lair:4   | Noticed an entropy weaver
 19457 | Lair:4   | Found a frozen archway.
 19459 | Lair:4   | Noticed an ice dragon
 19488 | Lair:4   | Reached ***** piety under Vehumet
 19496 | Lair:4   | Offered knowledge of Lightning Bolt by Vehumet.
 19496 | Lair:4   | Killed an ice dragon
 19510 | IceCv    | Entered an ice cave
 20939 | IceCv    | Noticed a reaper
 20951 | IceCv    | Killed a reaper
 21186 | IceCv    | Got a jewelled spear
 21737 | Lair:4   | Noticed an entropy weaver
 21743 | Lair:4   | Killed an entropy weaver
 21744 | Lair:4   | Reached XP level 13. HP: 63/63 MP: 11/29
 21858 | Lair:4   | Killed from afar by a steam dragon

Illustrated notes

Levels and vault maps discovered:
D:1:      dpeg_arrival_windows_large_door, layout_basic, minmay_pentomino_r2
D:2:      layout_basic, grunt_decor_arrowhead, uniq_jessica
D:3:      layout_rooms, minmay_misc_feat_chi, hex_large,
          minmay_fractal_squares_gapless_5
D:4:      layout_basic
D:5:      layout_basic, serial_shops, shop, uniq_menkaure
D:6:      layout_rooms, kennysheep_little_box, minmay_temple_entry_stoned_glass,
          nicolae_qazlal_general_emergency, uniq_maggie, uniq_pikel
D:7:      layout_loops_ring, grunt_decor_resistance, uniq_joseph
D:8:      minmay_the_grid_square_5x5_3x3 [minmay_the_grid_square_5x5_lines,
          minmay_the_grid_square_5x5_dogpile,
          minmay_the_grid_square_5x5_shrine1,
          minmay_the_grid_square_5x5_shrine2,
          minmay_the_grid_square_5x5_megaprize_checkered,
          minmay_the_grid_square_5x5_pentomino_r,
          minmay_the_grid_square_5x5_mess, minmay_the_grid_square_5x5_two,
          minmay_the_grid_square_5x5_misaligned], layout_gridville,
          uniq_prince_ribbit1, uniq_harold
D:9:      layout_basic, hangedman_decor_diamond_cutter, serial_bayou_pond_a,
          st_stairs_4, kb_lookout_dungeons_type
D:10:     layout_grid_maze, david_lair_generic, serial_shops, shop_fountains
Temple:   minmay_crystal_snake_temple
Lair:1:   layout_small_grid
Lair:2:   layout_gridlike, minmay_swamp_entry_reptiles,
          nicolae_spider_entry_non_spiders, wad_woods_river_01,
          lemuel_fruit_fields, lemuel_fruit_tree
Lair:3:   layout_regular_city, serial_bayou_lagoon_a
Lair:4:   layout_long_grid, portal_ice_cave_entry_animals_and_master,
          minivault_29

Skill      XL: |  1  2  3  4  5  6  7  8  9 10 11 12 |
---------------+-------------------------------------+-----
Dodging        | 3 4 5 6 7 8 |  8.4
Conjurations   | 2 3 4 5 6 7 9 10 12 | 12.0
Spellcasting   | 4 5 6 8 9 10 | 10.9
Fire Magic     | 4 5 6 7 8 9 11 12 | 12.4
Armour         | 1 2 |  2.1
Shields        | 3 5 7 |  7.1
Summonings     | 2 5 8 |  8.4
Stealth        | |  2.4

Action                   |  1- 3 |  4- 6 |  7- 9 | 10-12 | 13-15 || total
-------------------------+-------+-------+-------+-------+-------++-------
Melee: Spear             |       |     1 |       |       |       ||     1
       Dagger            |       |       |     5 |    12 |       ||    17
       Great mace        |       |       |       |    37 |       ||    37
 Cast: Foxfire           |    54 |   115 |   133 |   134 |       ||   436
       Conjure Flame     |       |     1 |       |     1 |       ||     2
       Sticky Flame      |       |     2 |    18 |    79 |     2 ||   101
       Fireball          |       |       |     1 |   107 |     3 ||   111
       Magic Dart        |       |       |       |     1 |       ||     1
       Spellforged Servi |       |       |       |     5 |     1 ||     6
Evoke: Wand              |       |       |    17 |    13 |       ||    30
       Box of beasts     |       |       |       |     2 |       ||     2
  Use: Scroll            |     4 |     6 |     1 |     8 |       ||    19
       Potion            |       |       |     7 |       |       ||     7
 Stab: Sleeping          |       |       |     1 |     3 |       ||     4
Armor: Robe              |     4 |     9 |    10 |       |       ||    23
       Acid dragon scale |       |       |     3 |    34 |       ||    37
       Leather armour    |       |       |       |    16 |       ||    16
Dodge: Dodged            |    16 |    55 |   110 |   192 |       ||   373

Table legend: (Time is in decaauts)
 A = Elapsed time spent in this place.
 B = Non-inter-level travel time spent in this place.
 C = Inter-level travel time spent in this place.
 D = Time resting spent in this place.
 E = Time spent auto-exploring this place.
 F = Levels seen in this place.
 G = Mean time per level.
                   A        B        C        D        E       F      G
               +--------+--------+--------+--------+--------+-----+--------+
         Total |  21911 |  21337 |    574 |   6049 |  11735 |  16 | 1369.4 |
       Dungeon |  14451 |  14018 |    433 |   3033 |   8501 |  10 | 1445.1 |
        Temple |    194 |    158 |     36 |      0 |    150 |   1 |  194.0 |
          Lair |   5076 |   4971 |    105 |   1174 |   3074 |   4 | 1269.0 |
      Ice Cave |   2189 |   2189 |      0 |   1842 |      9 |   1 | 2189.0 |
               +--------+--------+--------+--------+--------+-----+--------+

Top non-repeatable levels by time:
   IceCv: 2189 daAuts
     D:7: 1908 daAuts
    D:10: 1847 daAuts
     D:8: 1834 daAuts
  Lair:2: 1698 daAuts
     D:5: 1588 daAuts
     D:1: 1566 daAuts
  Lair:1: 1532 daAuts
  Lair:3: 1479 daAuts
     D:9: 1347 daAuts
     D:3: 1255 daAuts
     D:6: 1128 daAuts
     D:4: 1061 daAuts
     D:2: 912 daAuts
  Lair:4: 366 daAuts
